 Dungeon Crawl Stone Soup version 0.24-a0-217-g1152973 (webtiles) character file.

Game seed: 9051924732307135447

3610 xeno23 the Covert (level 10, -3/65 HPs)
             Began as an Octopode Assassin on Mar 29, 2019.
             Was a Follower of Uskayaw.
             Slain by a troll (7 damage)
             ... on level 7 of the Dungeon.
             The game lasted 00:31:23 (7427 turns).

xeno23 the Covert (Octopode Assassin)               Turns: 7427, Time: 00:31:24

Health: -3/65      AC:  3    Str: 11    XL:     10   Next: 11%
Magic:  23/23      EV: 15    Int: 14    God:    Uskayaw [*.....]
Gold:   234        SH:  6    Dex: 16    Spells: 10/14 levels left

rFire    . . .     SeeInvis .   s - +0 blowgun
rCold    . . .     Gourm    .   D - +1 buckler
rNeg     . . .     Faith    .   m - +2 hat
rPois    +         Spirit   .   (no amulet)
rElec    .         Reflect  .   z - ring of magical power
rCorr    +         Harm     .   l - ring of poison resistance
MR       .....                  K - ring of resist corrosion
Stlth    +++++.....             (no ring)
HPRegen  0.20/turn              (no ring)
MPRegen  0.18/turn              (no ring)
                                (no ring)
                                (no ring)

@: no status effects
A: almost no armour, stealthy swim, amphibious, 8 rings, constrict 8, camouflage
1, gelatinous body 1
a: Stomp, Renounce Religion


You were on level 7 of the Dungeon.
You worshipped Uskayaw.
Uskayaw was noncommittal.
You were not hungry.

You visited 2 branches of the dungeon, and saw 9 of its levels.

You collected 234 gold pieces.

Inventory:

Hand Weapons
 a - a +0 short sword of venom
 i - a +2 dagger
 s - a +0 blowgun (weapon)
Missiles
 b - 14 needles of sleeping
 c - 25 poisoned needles (quivered)
 d - 2 curare-tipped needles
 j - 2 throwing nets
Armour
 m - a +2 hat (worn)
 D - a +1 buckler (worn)
Jewellery
 l - a ring of poison resistance (right tentacle)
 z - a ring of magical power (left tentacle)
 F - an uncursed ring of ice
 K - a ring of resist corrosion (on tentacle)
Wands
 n - a wand of clouds (3)
 p - a wand of polymorph (10)
 w - a wand of random effects (13)
Scrolls
 h - 3 scrolls of fear
 o - a scroll of magic mapping {unknown}
 r - 2 scrolls of teleportation
 y - a scroll of blinking {unknown}
 A - a scroll of immolation {unknown}
 C - a scroll of identify
 I - a scroll of vulnerability {unknown}
 J - a scroll of amnesia
Potions
 e - a potion of resistance
 g - 3 potions of brilliance {unknown}
 k - a potion of might
 q - a potion of berserk rage
 t - a potion of invisibility {unknown}
 u - 2 potions of curing
 v - 4 potions of heal wounds
 x - 4 potions of haste
 B - a potion of flight {unknown}
 E - a potion of mutation {unknown}
 G - a potion of lignification {unknown}
 H - a potion of ambrosia {unknown}
Comestibles
 f - 13 rations
 L - 4 chunks of flesh


   Skills:
 + Level 4.3 Fighting
 * Level 6.1 Short Blades
 + Level 4.1 Throwing
 + Level 4.0 Dodging
 * Level 10.0 Stealth
 * Level 3.8 Shields
 + Level 2.7 Spellcasting
 * Level 4.3 Transmutations
 * Level 4.3 Earth Magic
 + Level 1.0 Invocations
 + Level 3.8 Evocations


You had 10 spell levels left.
You knew the following spells:

 Your Spells              Type           Power        Failure   Level  Hunger
a - Petrify               Tmut/Erth      ##......     36%         4    #####..

Your spell library contained the following spells:

 Spells                   Type           Power        Failure   Level  Hunger
 Sandblast                Erth           ##....       3%          1    #......
 Passwall                 Tmut/Erth      ##......     5%          2    ###....
 Stone Arrow              Conj/Erth      #.....       26%         3    ###....
 Lee's Rapid Deconstruct  Erth           ##........   71%         5    ######.


Dungeon Overview and Level Annotations

Branches:
Dungeon (8/15)             Temple (1/1) D:7            Lair (0/6) D:8

Altars:
Ashenzari
Cheibriados
Dithmenos
Elyvilon
Fedhas
Gozag
Hepliaklqana
Kikubaaqudgha
Makhleb
Nemelex Xobeh
Okawaru
Qazlal
Ru
Sif Muna
Trog
Uskayaw
Vehumet
Wu Jian
Xom
Yredelemnul
Zin
The Shining One


Innate Abilities, Weirdness & Mutations

You cannot wear most types of armour.
You are very stealthy in the water. (Stealth+)
You are amphibious.
You can wear up to eight rings at the same time.
You can use your tentacles to constrict eight enemies at once.
Your skin changes colour to match your surroundings (Stealth+).
Your rubbery body absorbs attacks. (AC +1, EV +1)


Message History

There is a stone staircase leading down here.
You take 18 damage.
The crimson imp misses you.
The crimson imp blinks!
The troll looks more healthy.
The crimson imp blinks!
Evoke which item? (* to show all) (? for menu, Esc to quit)
Okay, then.
Unknown command.
Unknown command.
Unknown command.
The crimson imp closely misses you. The crimson imp closely misses you.
Press: ? - help, v - describe, . - travel
Here: a troll The floor.
The troll bites you!!
* * * LOW HITPOINT WARNING * * *
The troll barely misses you. The troll claws you!
You die...

.##..................#...........
..........................(.....#
.................#...........##..
.................###.........#...
...##............##............##
#..#.......).....##.............#
...#.............#...............
..............###T5......#....#..
..............#.@.......##....###
..##..........>..##.........#....
...#.........)...###.####..###...
.......................##........
....................<..#......#..
.........<...................<#..
.......................####...#..
.......................# ##...†..
...##...............#### #.......


You could see a troll and a crimson imp.

Vanquished Creatures
  Grinder (D:3)
  A hippogriff (D:7)
  Sigmund (D:4)
  Eustachio (D:5)
  Purgy (D:4)
  An ice beast (D:7)
  2 eyes of draining (D:6)
  7 ogres
  A black bear (D:8)
  A phantom (D:7)
  3 centaurs
  A big kobold (D:8)
  5 bullfrogs
  A gnoll sergeant (D:8)
  A wyvern skeleton (D:7)
  A water moccasin skeleton (D:6)
  A howler monkey (D:4)
  2 crimson imps
  A quasit (D:6)
  3 bullfrog zombies
  3 hounds (D:5)
  An iguana (D:6)
  Terence (D:3)
  Ijyb (D:4)
  4 orc wizards
  6 worker ants
  A hound zombie (D:8)
  A worker ant zombie (D:8)
  10 adders
  9 gnolls
  2 shadow imps
  An ooze (D:5)
  An adder skeleton (D:7)
  A worm (D:2)
  4 dart slugs
  3 leopard geckos
  20 orcs
  2 ball pythons
  4 giant cockroaches
  11 goblins
  16 hobgoblins
  7 jackals
  5 quokkas
  12 bats
  7 frilled lizards
  18 kobolds
  A quokka zombie (D:6)
  9 rats
197 creatures vanquished.

Notes
Turn   | Place    | Note
-------+----------+-------------------------------------------
     0 | D:1      | xeno23 the Octopode Assassin began the quest for the Orb.
     0 | D:1      | Reached XP level 1. HP: 14/14 MP: 1/1
    51 | D:1      | Reached XP level 2. HP: 19/19 MP: 2/2
   563 | D:1      | Reached XP level 3. HP: 20/24 MP: 3/3
   932 | D:2      | Reached skill level 6 in Stealth
  1287 | D:2      | Reached XP level 4. HP: 30/30 MP: 4/4
  1614 | D:3      | Noticed Terence
  1962 | D:3      | Noticed Grinder
  2045 | D:3      | Reached XP level 5. HP: 35/35 MP: 5/5
  2129 | D:3      | Reached skill level 1 in Evocations
  2325 | D:3      | Killed Terence
  2352 | D:3      | Found a stormy altar of Qazlal.
  2406 | D:3      | Found a shadowy altar of Dithmenos.
  2434 | D:3      | Reached skill level 7 in Stealth
  2761 | D:3      | Reached XP level 6. HP: 41/41 MP: 6/6
  2830 | D:3      | Killed Grinder
  2868 | D:4      | Reached XP level 7. HP: 45/46 MP: 8/8
  2940 | D:4      | Learned a level 4 spell: Petrify
  2942 | D:4      | Noticed Purgy
  2961 | D:4      | Killed Purgy
  3047 | D:4      | Noticed Ijyb
  3055 | D:4      | Killed Ijyb
  3141 | D:4      | Reached skill level 1 in Transmutations
  3141 | D:4      | Reached skill level 1 in Earth Magic
  3354 | D:4      | Noticed Sigmund
  3360 | D:4      | Killed Sigmund
  3360 | D:4      | Reached skill level 8 in Stealth
  3360 | D:4      | Reached skill level 1 in Spellcasting
  3377 | D:4      | Reached XP level 8. HP: 23/52 MP: 9/9
  3450 | D:4      | Found a blossoming altar of Fedhas.
  4222 | D:5      | Entered Level 5 of the Dungeon
  4336 | D:5      | Found a glowing golden altar of the Shining One.
  4385 | D:5      | Found a deep blue altar of Sif Muna.
  4455 | D:5      | Found an opulent altar of Gozag.
  4492 | D:5      | Noticed Eustachio
  4495 | D:5      | Found a shattered altar of Ashenzari.
  4497 | D:5      | Killed Eustachio
  4497 | D:5      | Reached skill level 1 in Shields
  4502 | D:5      | Found a burning altar of Makhleb.
  4934 | D:6      | Reached skill level 5 in Short Blades
  5041 | D:6      | Reached XP level 9. HP: 51/58 MP: 11/11
  5192 | D:6      | Reached skill level 9 in Stealth
  5298 | D:6      | Found a bloodstained altar of Trog.
  6113 | D:7      | Found a white marble altar of Elyvilon.
  6124 | D:7      | HP: 2/58 [hippogriff (6)]
  6547 | D:7      | Found a staircase to the Ecumenical Temple.
  6557 | Temple   | Entered the Ecumenical Temple
  6611 | Temple   | Became a worshipper of Uskayaw the Reveler
  6635 | D:7      | Reached * piety under Uskayaw
  6639 | D:7      | Reached ** piety under Uskayaw
  6888 | D:8      | Found a staircase to the Lair.
  6903 | D:8      | Reached *** piety under Uskayaw
  7111 | D:8      | Reached XP level 10. HP: 36/64 MP: 13/13
  7296 | D:8      | Reached skill level 10 in Stealth
  7296 | D:8      | Reached skill level 1 in Invocations
  7427 | D:7      | Slain by a troll

Levels and vault maps discovered:
D:1:      dpeg_arrival_rhombus, layout_loops_corners
D:2:      layout_basic
D:3:      layout_loops_ring, nicolae_qazlal_general_emergency,
          nicolae_dithmenos_shadow_blocks, uniq_grinder, uniq_terence
D:4:      kennysheep_big_flooded_room, layout_layer_cave, fedhas_altar_1,
          uniq_sigmund, uniq_purgy, uniq_ijyb
D:5:      kennysheep_six_static_rooms, layout_basic, lemuel_round_altar,
          nicolae_ashenzari_panopticon, bloody_makhleb,
          overflow_temple_1_default, lemuel_round_altar, first_ration,
          uniq_eustachio
D:6:      corexii_shantytown, layout_basic, trog_eyes_of_draining
D:7:      layout_cave_pools, elyvilon_altar_5, minmay_temple_entry_nine_rooms
D:8:      layout_cave_pods, dpeg_oklobed_lair, serial_glass, glass_columns_b,
          glass_columns_a
Temple:   nicolae_temple_x_marks_the_god

Skill      XL: |  1  2  3  4  5  6  7  8  9 10 |
---------------+-------------------------------+-----
Stealth        | 6 7 8 9 10 | 10.0
Short Blades   | 3 4 5 6 |  6.1
Dodging        | 2 3 4 |  4.0
Evocations     | 1 2 3 |  3.8
Fighting       | 3 4 |  4.3
Transmutations | 1 2 4 |  4.3
Earth Magic    | 1 2 4 |  4.3
Spellcasting   | 1 2 |  2.7
Throwing       | 3 4 |  4.1
Shields        | 2 3 |  3.8
Invocations    | 1 |  1.0

Action                   |  1- 3 |  4- 6 |  7- 9 | 10-12 || total
-------------------------+-------+-------+-------+-------++-------
Melee: Dagger            |    68 |    73 |    25 |       ||   166
       Constrict         |    15 |    35 |    44 |     5 ||    99
       Tentacles         |    13 |    24 |    54 |     6 ||    97
       Short sword       |       |    46 |   218 |    25 ||   289
 Fire: Blowgun           |       |    17 |    18 |    16 ||    51
 Cast: Petrify           |       |       |     1 |       ||     1
Evoke: Wand              |       |       |    15 |       ||    15
  Use: Scroll            |       |     8 |     9 |       ||    17
       Potion            |       |     1 |       |       ||     1
 Stab: Sleeping          |    10 |     5 |    40 |     1 ||    56
       Distracted        |       |       |     2 |     1 ||     3
       Paralysed         |       |       |     2 |       ||     2
       Confused          |       |       |     1 |       ||     1
  Eat: Chunk             |     1 |     5 |    11 |     1 ||    18
       Ration            |       |       |     1 |       ||     1
Armor: Skin              |     6 |     4 |    16 |     4 ||    30
Dodge: Dodged            |    36 |    77 |   124 |    18 ||   255
Block: Buckler           |       |       |    38 |     9 ||    47

Table legend:
 A = Non-vault XP
 B = Vault XP
 C = Vault XP percentage of total XP
 D = Non-vault monster count
 E = Vault monster count
 F = Vault count percentage of total count
                 A         B        C        D         E       F
            +---------+---------+-------+---------+---------+-------
      Total |    3834 |    1324 |  25.7 |     161 |      36 |  18.3
            +---------+---------+-------+---------+---------+-------
        D:1 |      38 |       0 |   0.0 |      23 |       0 |   0.0
        D:2 |      69 |       0 |   0.0 |      26 |       0 |   0.0
        D:3 |     189 |     315 |  62.5 |      35 |       2 |   5.4
        D:4 |     326 |     387 |  54.3 |      17 |       4 |  19.0
        D:5 |     276 |     308 |  52.7 |       9 |       4 |  30.8
        D:6 |     983 |     314 |  24.2 |      16 |      26 |  61.9
        D:7 |     947 |       0 |   0.0 |      16 |       0 |   0.0
        D:8 |    1006 |       0 |   0.0 |      19 |       0 |   0.0
            +---------+---------+-------+---------+---------+-------
